 Dungeon Crawl Stone Soup version 0.19-a0-1510-gb270f3f (webtiles) character file.

16972 AlphabetPasta the Destroyer (level 12, -2/58 HPs)
             Began as a Vine Stalker Conjurer on Sept 10, 2016.
             Was a Priest of Vehumet.
             Slain by a white ugly thing (28 damage)
             ... in an ice cave on Sept 11, 2016.
             The game lasted 01:51:01 (16053 turns).

AlphabetPasta the Destroyer (VSCj)                 Turns: 16053, Time: 01:51:01

Health: -2/58      AC: 11    Str: 11    XL:     12   Next: 43%
Magic:  0/26       EV: 14    Int: 21    God:    Vehumet [***...]
Gold:   554        SH:  5    Dex: 16    Spells: 7 memorised, 7 levels left

rFire  . . .     SeeInvis .       - Unarmed
rCold  . . .     Gourm    .     O - +0 steam dragon armour
rNeg   . . .     Faith    .     P - +0 buckler
rPois  .         Spirit   +     K - +2 helmet
rElec  .         Dismiss  .     F - +0 cloak
rCorr  +         Reflect  .     J - +0 pair of gloves
MR     +....     Harm     .     y - +0 pair of boots
Stlth  ++........               p - amulet of magic regeneration
                                (no ring)
                                A - ring of resist corrosion

@: no status effects
A: fangs 3, clever 1, regeneration 2, magic shield, antimagic bite, no device
heal 3, rot immunity
a: Renounce Religion


You were in an ice cave.
You worshipped Vehumet.
Vehumet was most pleased with you.
You were not hungry.

You visited 3 branches of the dungeon, and saw 13 of its levels.
You also visited: Sewer, Bailey and Ice Cave.

You collected 816 gold pieces.
You spent 262 gold pieces at shops.

Inventory:

Hand Weapons
 E - a +3 quarterstaff of chaos
Missiles
 i - 31 tomahawks (quivered)
Armour
 a - a +0 robe
 w - a +1 robe of magic resistance
 y - a +0 pair of boots (worn)
 B - a +0 helmet
 F - a +0 cloak (worn)
 J - a +0 pair of gloves (worn)
 K - a +2 helmet (worn)
 O - a +0 steam dragon armour (worn)
 P - a +0 buckler (worn)
Jewellery
 o - an uncursed ring of flight {unknown}
 p - an amulet of magic regeneration (around neck)
 A - a ring of resist corrosion (left hand)
 G - an uncursed ring of fire
Wands
 k - a wand of lightning (5/15)
 u - a wand of random effects (37/48)
 z - a wand of lightning (0/15)
 D - a wand of digging (9/24)
 L - a wand of enslavement (0/24)
 N - a wand of paralysis (10/24)
Scrolls
 f - 2 scrolls of identify
 h - 8 scrolls of teleportation
 r - 2 scrolls of recharging
 t - 4 scrolls of blinking
 x - a scroll of fog
 M - 2 scrolls of fear
Potions
 d - 8 potions of curing
 e - 5 potions of flight
 j - 3 potions of haste
 l - a potion of berserk rage
 m - a potion of invisibility
 n - 3 potions of brilliance
 I - 2 potions of might
Books
 b - a book of Conjurations

   Spells                             Type                      Level
   a - Magic Dart                     Conjuration                  1
   b - Searing Ray                    Conjuration                  2
   c - Dazzling Spray                 Conjuration/Hexes            3
   d - Fulminant Prism                Conjuration/Hexes            4
   e - Iskenderun's Mystic Blast      Conjuration                  4
   f - Iskenderun's Battlesphere      Conjuration/Charms           5
 v - a book of Ice

   Spells                             Type                      Level
   a - Ice Form                       Ice/Transmutation            4
   b - Metabolic Englaciation         Hexes/Ice                    5
   c - Ozocubu's Refrigeration        Ice                          6
   d - Bolt of Cold                   Conjuration/Ice              6
   e - Freezing Cloud                 Conjuration/Ice/Air          6
   f - Simulacrum                     Ice/Necromancy               6
Comestibles
 c - 6 bread rations
 g - 2 beef jerkies
 s - 10 royal jellies
 C - 7 meat rations
 H - 12 fruits


   Skills:
 - Level 4.1 Fighting
 + Level 3.4 Dodging
 - Level 2.4 Stealth
 - Level 4.0 Shields
 - Level 3.0 Unarmed Combat
 + Level 9.6 Spellcasting
 * Level 13.2 Conjurations
 + Level 1.5 Fire Magic
 + Level 8.0 Ice Magic
 - Level 3.1 Evocations


You had 7 spell levels left.
You knew the following spells:

 Your Spells              Type           Power        Failure   Level  Hunger
a - Magic Dart            Conj           ####         1%          1    None
b - Searing Ray           Conj           ######       1%          2    None
c - Dazzling Spray        Conj/Hex       #####.       1%          3    None
d - Iskenderun's Mystic   Conj           ######..     1%          4    ##.....
e - Bolt of Cold          Conj/Ice       ######....   4%          6    ######.
f - Mephitic Cloud        Conj/Pois/Air  ####....     1%          3    None
g - Sticky Flame          Conj/Fire      #####...     1%          4    ##.....


Dungeon Overview and Level Annotations

Branches:
Dungeon (11/15)            Temple (1/1) D:7            Lair (1/6) D:11
    Orc (0/2) D:10

Altars:
Ashenzari
Cheibriados
Dithmenos
Elyvilon
Fedhas
Gozag
Hepliaklqana
Kikubaaqudgha
Makhleb
Nemelex Xobeh
Okawaru
Qazlal
Ru
Sif Muna
Trog
Uskayaw
Vehumet
Xom
Yredelemnul
Zin
The Shining One

Shops:
D:9 =}!


Innate Abilities, Weirdness & Mutations

You have razor-sharp teeth.
You heal very quickly.
When hurt, damage is shared between your health and your magic reserves.
Your bite disrupts and absorbs the magic of your enemies.
Potions and wands cannot restore your health.
You are immune to rotting.
Your mind is acute. (Int +2)


Message History

Aim: a white ugly thing (heavily wounded)
The orb of energy hits the white ugly thing.
The white ugly thing is heavily wounded.
Casting: Iskenderun's Mystic Blast
Confirm with . or Enter, or press ? or * to list all spells.
Aiming: Searing Ray
Press: ? - help, Shift-Dir - straight line, f/p - white ugly thing
Aim: a white ugly thing (heavily wounded)
The searing ray hits the white ugly thing.
The white ugly thing is heavily wounded.
The searing ray hits the white ugly thing.
The white ugly thing is heavily wounded.
The searing ray hits the white ugly thing.
The white ugly thing is heavily wounded.
The white ugly thing gores you. The white ugly thing freezes you!!
The searing ray hits the white ugly thing.
The white ugly thing is severely wounded.
You finish channeling your searing ray.
The white ugly thing gores you. The white ugly thing freezes you!!
You die...

##### #############
....## ##.....#.....##
.....###......#......##
......#.......#.......#
......#.......#.......#.
∩..∩............@u......
......#.......#.......#.
......#.......#.......#
.....###......#......##
....## ##.....#.....##
##### #############


You could see a white ugly thing.

Vanquished Creatures
  The ghost of RexxRaptorr the Spear-Bearer, a journeyman MfIE of Okawaru (Lair:1)
  The ghost of PurpleRed the Destroyer, a journeyman DECj of Vehumet (D:11)
  2 unseen horrors (D:11)
  A hill giant (D:10)
  Pikel (D:6)
  3 ugly things
  2 cyclopes (D:11)
  3 ice statues (IceCv)
  3 trolls
  A two-headed ogre (D:8)
  Sigmund (D:3)
  A basilisk (Lair:1)
  Grum (D:8)
  2 steam dragons
  4 humans (D:6)
  A hungry ghost (D:8)
  A soldier ant (D:11)
  A water moccasin (Lair:1)
  A porcupine (Lair:1)
  10 ice beasts
  2 sky beasts
  2 slaves (D:6)
  8 orc warriors
  A wasp (D:10)
  A black bear (D:11)
  3 wolves
  2 necrophages
  6 ogres
  An eye of draining (D:8)
  2 phantoms
  10 centaurs
  3 big kobolds
  2 crocodiles
  An elf zombie (D:8)
  13 giant frogs
  A gnoll sergeant (D:7)
  3 scorpions
  A wyvern skeleton (D:8)
  5 killer bees
  8 wights (D:9)
  3 crimson imps
  A centaur zombie (D:10)
  A human zombie (D:8)
  2 giant frog zombies
  6 hounds
  4 orc priests
  5 jellies
  13 orc wizards
  Crazy Yiuf (D:3)
  Jessica (D:2)
  4 iguanas
  2 human skeletons (D:8)
  8 worker ants
  2 hound zombies
  A hound skeleton (D:6)
  2 worker ant zombies
  17 adders
  13 gnolls
  13 river rats (Lair:1)
  5 shadow imps
  12 white imps (Lair:1)
  9 oozes
  An adder skeleton (D:6)
  3 worms (Sewer)
  A dart slug (D:2)
  8 giant geckos
  56 orcs
  5 giant cockroaches
  24 goblins
  20 hobgoblins
  20 jackals
  2 quokkas (D:4)
  6 ball pythons
  11 bats
  8 giant newts
  2 gnoll zombies (D:3)
  27 kobolds
  An orc skeleton (D:8)
  An orc zombie (D:8)
  A quokka skeleton (D:6)
  14 rats
452 creatures vanquished.

Vanquished Creatures (collateral kills)
  A centaur (D:11)
1 creature vanquished.

Vanquished Creatures (others)
  A centaur skeleton (D:9)
  A two-headed ogre (D:9)
  2 slaves (D:6)
  An ice beast (IceCv)
  A wight (D:9)
  2 orc wizards
  A hound skeleton (D:6)
  A giant gecko (D:6)
  An orc (D:6)
  5 fungi (D:6)
  A plant (D:3)
17 creatures vanquished.

Grand Total: 470 creatures vanquished

Notes
Turn   | Place    | Note
-------+----------+-------------------------------------------
     0 | D:1      | AlphabetPasta the Vine Stalker Conjurer began the quest for the Orb.
     0 | D:1      | Reached XP level 1. HP: 9/9 MP: 4/4
   162 | D:1      | Reached XP level 2. HP: 11/13 MP: 0/6
   166 | D:1      | Learned a level 2 spell: Searing Ray
   636 | D:1      | Reached XP level 3. HP: 15/16 MP: 1/8
   641 | D:1      | Learned a level 3 spell: Dazzling Spray
  1187 | D:2      | Reached skill level 1 in Unarmed Combat
  1284 | D:2      | Gained mutation: Your natural rate of healing is unusually fast. [Vine Stalker growth]
  1284 | D:2      | Reached XP level 4. HP: 21/21 MP: 5/9
  1415 | D:2      | Found a shimmering altar of Xom.
  1696 | D:2      | Reached skill level 5 in Conjurations
  1842 | D:2      | Noticed Jessica
  1848 | D:2      | Killed Jessica
  1848 | D:2      | Reached XP level 5. HP: 25/25 MP: 3/11
  1854 | D:2      | Learned a level 4 spell: Iskenderun's Mystic Blast
  1959 | D:2      | Found a faded altar of an unknown god.
  1995 | D:2      | Reached skill level 1 in Fighting
  2317 | D:3      | Noticed an ogre
  2326 | D:3      | Killed an ogre
  2326 | D:3      | Reached XP level 6. HP: 30/30 MP: 4/12
  2600 | D:3      | Noticed Sigmund
  2606 | D:3      | Killed Sigmund
  2606 | D:3      | Reached skill level 6 in Conjurations
  2912 | D:3      | Found a runed door.
  2916 | D:3      | Noticed Crazy Yiuf
  2920 | D:3      | Killed Crazy Yiuf
  2920 | D:3      | Reached XP level 7. HP: 34/34 MP: 9/14
  3025 | D:3      | Found a basalt altar of Yredelemnul.
  3208 | D:4      | Found a glowing drain.
  3216 | D:4      | Upgraded the game from 0.19-a0-1504-g818868b to 0.19-a0-1510-gb270f3f
  3246 | Sewer    | Entered a sewer
  4416 | D:4      | Reached skill level 7 in Conjurations
  4659 | D:4      | Gained mutation: You have razor-sharp teeth. [Vine Stalker growth]
  4659 | D:4      | Reached XP level 8. HP: 21/39 MP: 0/16
  5057 | D:4      | Reached skill level 5 in Spellcasting
  5179 | D:4      | Learned a level 6 spell: Bolt of Cold
  5180 | D:5      | Entered Level 5 of the Dungeon
  5590 | D:5      | Reached skill level 8 in Conjurations
  5590 | D:5      | Reached skill level 1 in Ice Magic
  5991 | D:5      | Found an opulent altar of Gozag.
  6013 | D:5      | Found a glowing golden altar of the Shining One.
  6386 | D:6      | Noticed Pikel
  6659 | D:6      | Reached XP level 9. HP: 42/45 MP: 7/18
  6698 | D:6      | Reached skill level 9 in Conjurations
  6886 | D:6      | Killed Pikel
  7544 | D:6      | Found a snail-covered altar of Cheibriados.
  8347 | D:7      | Found a staircase to the Ecumenical Temple.
  8362 | Temple   | Entered the Ecumenical Temple
  8557 | D:7      | Reached skill level 10 in Conjurations
  8573 | D:7      | Reached XP level 10. HP: 49/49 MP: 8/21
  9163 | D:7      | Got a translucent short sword {speed}
  9170 | D:7      | Identified the cursed +3 short sword "Ysainila" {speed, Fragile Str+4} (You took it off an orc on level 7 of the Dungeon)
  9994 | D:8      | Reached skill level 1 in Shields
 10073 | D:8      | Noticed Grum
 10112 | D:8      | Reached skill level 5 in Ice Magic
 10294 | D:8      | Killed Grum
 10358 | D:8      | Found a flagged portal.
 10367 | Bailey   | Entered a bailey
 10766 | Bailey   | Noticed an orc knight
 10789 | Bailey   | Reached skill level 11 in Conjurations
 10862 | Bailey   | Noticed an orc warlord
 11200 | D:8      | Gained mutation: Your mind is acute. (Int +2) [potion of beneficial mutation]
 11366 | D:8      | Found a deep blue altar of Sif Muna.
 11583 | D:9      | Found Uchodgh's Distillery.
 11605 | D:9      | Bought a potion of cancellation for 128 gold pieces
 11605 | D:9      | Bought a potion of brilliance for 64 gold pieces
 11605 | D:9      | Bought a potion of mutation for 40 gold pieces
 11658 | D:9      | Noticed a brown ugly thing
 11664 | D:9      | Killed a brown ugly thing
 11664 | D:9      | Reached XP level 11. HP: 53/53 MP: 8/24
 11761 | D:9      | Found Qucoku's Jewellery Shop.
 11783 | D:9      | Found a radiant altar of Vehumet.
 11820 | D:9      | Became a worshipper of Vehumet
 11832 | D:9      | Bought a cursed amulet of inaccuracy for 30 gold pieces
 11871 | D:9      | Found an iron altar of Okawaru.
 12176 | D:9      | Found Gapt's Gadget Boutique.
 12349 | D:9      | Reached * piety under Vehumet
 12349 | D:9      | Offered knowledge of Flame Tongue by Vehumet.
 12532 | D:10     | Entered Level 10 of the Dungeon
 12664 | D:10     | Found a staircase to the Orcish Mines.
 12883 | D:10     | Noticed a hill giant
 12893 | D:10     | Killed a hill giant
 13388 | D:11     | Reached ** piety under Vehumet
 13388 | D:11     | Offered knowledge of Throw Frost by Vehumet.
 13447 | D:11     | Noticed a green ugly thing
 13458 | D:11     | Killed a green ugly thing
 13458 | D:11     | Reached skill level 12 in Conjurations
 13643 | D:11     | Noticed a hill giant
 13645 | D:11     | Reached skill level 1 in Evocations
 13717 | D:11     | Killed an unseen horror
 13785 | D:11     | Found a staircase to the Lair.
 13807 | D:11     | Noticed a cyclops
 13812 | D:11     | Noticed PurpleRed's ghost (journeyman DECj)
 13812 | D:11     | Killed a cyclops
 13931 | D:11     | Noticed a cyclops
 14153 | D:11     | Killed PurpleRed's ghost
 14356 | D:11     | Killed a cyclops
 14632 | D:11     | Gained mutation: You heal very quickly. [Vine Stalker growth]
 14632 | D:11     | Reached XP level 12. HP: 51/58 MP: 8/26
 14754 | D:11     | Offered knowledge of Mephitic Cloud by Vehumet.
 14802 | D:11     | Learned a level 3 spell: Mephitic Cloud
 15060 | Lair:1   | Entered Level 1 of the Lair of Beasts
 15067 | Lair:1   | Found a bloodstained altar of Trog.
 15161 | Lair:1   | Reached *** piety under Vehumet
 15225 | Lair:1   | Noticed RexxRaptorr's ghost (journeyman MfIE)
 15233 | Lair:1   | Killed RexxRaptorr's ghost
 15275 | Lair:1   | Reached skill level 13 in Conjurations
 15293 | Lair:1   | Found a frozen archway.
 15350 | Lair:1   | Noticed a four-headed hydra
 15367 | Lair:1   | Offered knowledge of Sticky Flame by Vehumet.
 15373 | Lair:1   | Learned a level 4 spell: Sticky Flame
 15477 | IceCv    | Entered an ice cave
 15908 | IceCv    | Reached skill level 1 in Fire Magic
 16053 | IceCv    | Slain by a white ugly thing

Vault maps used:
D:1:      minmay_arrival_pointy
D:2:      lemuel_crystal_altar, first_bread, ecumenical_altar_2, uniq_jessica
D:3:      lemuel_zombie_altar_yredelemnul, serial_bayou_lake_a, uniq_sigmund,
          uniq_crazy_yiuf_cottage
D:4:      portal_sewer_entry_d
D:5:      nicolae_overflow_crystal_walls, grunt_gozag_statues, minivault_27,
          lemuel_another_geyser
D:6:      kennysheep_steamy, lemuel_doored_altar, serial_glass, glass_columns_a,
          glass_columns_a, minmay_ruffians, uniq_pikel
D:7:      minmay_a_box_with_orc_wizards_in_it
D:8:      led_sif_pool, nicolae_ossuary_entry_catacombs, enter_bailey_2,
          uniq_grum
D:9:      okawaru_trees_1, fiery_altar_vehumet, serial_aquarium,
          aquarium_bridge_square, aquarium_window_fake, aquarium_window_fake,
          aquarium_view_2d, serial_shops, shop, kennysheep_mini_moat, shop,
          hangedman_little_slice_of_home
D:10:     orc_0_dummy
D:11:     lair_0_dummy, hangedman_decor_peaks_small
Temple:   nicolae_temple_figure_eight
Lair:1:   basic_altar, portal_ice_cave_entry_imps, grunt_megastairs_4
Sewer:    sewer_fruit_machine
Bailey:   bailey_axe_minmay_hex_keep, bailey
IceCv:    ice_cave_statue_garden_chambered

Skill      XL: |  1  2  3  4  5  6  7  8  9 10 11 12 |
---------------+-------------------------------------+-----
Unarmed Combat | 1 3 |  3.0
Spellcasting   | 3 4 5 6 8 9 |  9.6
Conjurations   | 5 6 7 8 10 11 12 13 | 13.2
Fighting       | 1 2 4 |  4.1
Dodging        | 2 3 |  3.4
Ice Magic      | 2 4 5 7 8 |  8.0
Shields        | 3 4 |  4.0
Evocations     | 2 3 |  3.1
Fire Magic     | 1 |  1.5
Stealth        | |  2.4

Action                   |  1- 3 |  4- 6 |  7- 9 | 10-12 || total
-------------------------+-------+-------+-------+-------++-------
Melee: Unarmed           |    18 |     3 |    24 |    18 ||    63
       Bite              |     5 |     2 |     5 |     1 ||    13
       Punch             |       |       |       |     2 ||     2
 Cast: Magic Dart        |    72 |    85 |   190 |   254 ||   601
       Searing Ray       |     2 |     7 |    57 |   183 ||   249
       Iskenderun's Myst |       |       |     1 |    67 ||    68
       Bolt of Cold      |       |       |       |     7 ||     7
Evoke: Wand              |       |       |     3 |     6 ||     9
  Use: Scroll            |       |       |    18 |    11 ||    29
       Potion            |       |       |     1 |    10 ||    11
  Eat: Chunk             |     2 |     5 |    13 |    25 ||    45
       Bread ration      |       |       |     1 |     1 ||     2
       Fruit             |       |       |     1 |       ||     1
       Pizza             |       |       |       |     2 ||     2
       Beef jerky        |       |       |       |     1 ||     1
Armor: Robe              |     7 |     5 |    28 |       ||    40
       Steam dragon armo |       |       |     6 |   160 ||   166
Dodge: Dodged            |    25 |    20 |    74 |   250 ||   369
Block: Buckler           |       |       |       |    83 ||    83
